 Dungeon Crawl Stone Soup version 0.17-a0-2122-g03d97ec (webtiles) character file.

3318 brucemayne the Cleaver (level 9, -28/62 (63) HPs)
             Began as a Demonspawn Berserker on Oct 21, 2015.
             Was a Believer of Trog.
             Annihilated by a shadow (31 damage)
             ... on level 11 of the Dungeon.
             The game lasted 00:11:14 (2082 turns).

brucemayne the Cleaver (Demonspawn Berserker)       Turns: 2082, Time: 00:11:14

HP:   -28/62 (63)   AC:  9    Str: 25      XL:     9   Next: 71%
MP:   0/9           EV: 11    Int:  6 (9)  God:    Trog [**....]
Gold: 142           SH:  0    Dex: 13      Spells: 0 memorised, 8 levels left

rFire  . . .     SeeInvis .     g - +1 battleaxe (curse)
rCold  . . .     Clarity  .     j - +0 ring mail
rNeg   . . .     SustAt   .     (no shield)
rPois  .         Gourm    .     (helmet restricted)
rElec  .         Spirit   +     p - +1 cloak
rCorr  .         Warding  .     (no gloves)
rMut   .         Stasis   .     (no boots)
MR     .....                    (no amulet)
Stlth  +.........               (no ring)
                                (no ring)

@: mighty, exhausted, slowed, very slow, not resistant to hostile enchantments,
very unstealthy
A: horns 1, yellow scales 1, magic shield
a: Berserk, Trog's Hand, Burn Spellbooks, Renounce Religion


You were on level 11 of the Dungeon.
You worshipped Trog.
Trog was pleased with you.
You were not hungry.

You visited 1 branch of the dungeon, and saw 12 of its levels.

You collected 142 gold pieces.

Inventory:

Hand Weapons
 a - a +1 hand axe
 g - a cursed +1 battleaxe (weapon)
 l - a +0 battleaxe
 u - a +0 blowgun
Missiles
 c - 10 poisoned needles
 e - an arrow
Armour
 b - a +0 animal skin
 j - a +0 ring mail (worn)
 p - a +1 cloak (worn)
 r - a +0 scale mail
Jewellery
 s - an uncursed amulet of the gourmand
Wands
 q - a wand of flame (34)
 F - a wand of lightning (10)
Scrolls
 f - a scroll of blinking
 h - 4 scrolls of remove curse
 m - a scroll of amnesia
 n - a scroll of identify
 o - a scroll of enchant armour
Potions
 i - a potion of heal wounds {unknown}
 k - a potion of brilliance {unknown}
 t - a potion of cancellation {unknown}
 v - a potion of ambrosia {unknown}
 w - 2 potions of haste {unknown}
 x - a potion of might
 B - a potion of cure mutation
 C - a potion of berserk rage {unknown}
Comestibles
 d - a chunk of flesh
 A - a bread ration


   Skills:
 - Level 3.0 Fighting
 + Level 12.6 Axes
 - Level 1.7 Armour
 - Level 1.7 Dodging


You had 8 spell levels left.
You didn't know any spells.

Dungeon Overview and Level Annotations

Branches:
Dungeon (12/15)               Orc (0/4) D:9
 Temple: D:4-7         Lair: D:8-11

Altars:
Dithmenos
Makhleb
Okawaru

Shops:
D:4 [

Annotations:
D:8 4thArraOfDagon's ghost, novice MiFi


Innate Abilities, Weirdness & Mutations

You have a pair of small horns on your head.
You are partially covered in yellow scales (AC +2).
When hurt, damage is shared between your health and your magic reserves.


Message History

The shadow is moderately damaged.
The shadow hits you!
* * * LOW HITPOINT WARNING * * *
You barely miss the shadow. You headbutt the shadow!
The shadow is severely damaged.
You are no longer berserk.
You are exhausted.
You feel yourself slow down.
The brain worm's bulging head throbs.
You feel dopey. Something feeds on your intellect!
The shadow slips into darkness.
The shadow flickers and vanishes!
Deactivating autopickup; reactivate with Ctrl-A.
Drink which item? (? for menu, Esc to quit)
It was a potion of might.
You feel very mighty all of a sudden.
The shadow strikes at you from the darkness!
Ouch! That really hurt!
You die...

####### ###.......
##......... ############
#..#....)w.
#.......(..###.##.......
#<.........##..# .......
#..........@{w## .......
#..........#### ...%...
##'######### ......(
#......### #.#####
######...## ###..# ##.#
######'## #.......#


You could see a brain worm.

Vanquished Creatures
  2 hill giants
  A troll (D:11)
  A trapdoor spider zombie (D:10)
  A hippogriff (D:10)
  Menkaure (D:6)
  An orc warrior (D:7)
  2 sky beasts
  A necrophage (D:10)
  3 ogres
  A centaur (D:10)
  2 big kobolds (D:7)
  2 giant frogs
  4 scorpions
  5 wights
  A quasit (D:7)
  4 orc priests
  A hound (D:7)
  An orc wizard (D:7)
  2 worker ants
  A killer bee zombie (D:9)
  5 adders
  3 giant geckos
  5 orcs
  A ball python (D:1)
  2 giant cockroaches
  3 goblins (D:1)
  2 jackals (D:7)
  10 kobolds
  2 quokkas
  2 bats (D:1)
  A giant newt (D:2)
  A rat (D:3)
74 creatures vanquished.

Notes
Turn   | Place    | Note
--------------------------------------------------------------
     0 | D:1      | brucemayne the Demonspawn Berserker began the quest for the Orb.
     0 | D:1      | Reached XP level 1. HP: 18/18 MP: 1/1
   190 | D:1      | Gained mutation: When hurt, damage is shared between your health and your magic reserves. [demonic ancestry]
   190 | D:1      | Reached XP level 2. HP: 22/24 MP: 2/2
   399 | D:5      | Entered Level 5 of the Dungeon
   442 | D:5      | Noticed a scorpion
   457 | D:5      | Killed a scorpion
   457 | D:5      | Reached skill level 4 in Axes
   457 | D:5      | Gained mutation: You have a pair of small horns on your head. [demonic ancestry]
   457 | D:5      | Reached XP level 3. HP: 29/29 MP: 3/3
   457 | D:5      | Reached XP level 4. HP: 35/35 MP: 4/4
   506 | D:4      | Found Pyplid's Antique Armour Boutique.
   613 | D:6      | Found an iron altar of Okawaru.
   614 | D:6      | Found a burning altar of Makhleb.
   614 | D:6      | Noticed Menkaure
   623 | D:6      | Killed Menkaure
   623 | D:6      | Reached skill level 5 in Axes
   623 | D:6      | Reached XP level 5. HP: 31/41 MP: 2/5
   669 | D:6      | Noticed a giant frog
   675 | D:6      | Killed a giant frog
   675 | D:6      | Reached skill level 6 in Axes
   704 | D:5      | Noticed an ogre
   727 | D:5      | Killed an ogre
   727 | D:5      | Reached ** piety under Trog
   727 | D:5      | Reached XP level 6. HP: 47/47 MP: 6/6
   790 | D:6      | Found a shadowy altar of Dithmenos.
   851 | D:7      | Reached skill level 7 in Axes
   860 | D:7      | Gained mutation: You are partially covered in yellow scales (AC +2). [demonic ancestry]
   860 | D:7      | Reached XP level 7. HP: 52/52 MP: 7/7
   946 | D:7      | Reached skill level 8 in Axes
   971 | D:7      | Noticed a hungry ghost
   987 | D:8      | Noticed 4thArraOfDagon's ghost (novice MiFi)
  1229 | D:7      | Reached skill level 9 in Axes
  1229 | D:7      | Reached XP level 8. HP: 58/58 MP: 8/8
  1333 | D:10     | Entered Level 10 of the Dungeon
  1373 | D:9      | Found a staircase to the Orcish Mines.
  1373 | D:9      | Noticed a manticore
  1413 | D:10     | Reached skill level 10 in Axes
  1481 | D:10     | Noticed a hill giant
  1488 | D:10     | Killed a hill giant
  1538 | D:10     | Reached skill level 11 in Axes
  1538 | D:10     | Reached XP level 9. HP: 6/62 MP: 1/9
  1548 | D:10     | Gained mutation: You are frail (-10% HP). [mutagenic meat]
  1549 | D:10     | Gained mutation: You are agile. (Dex +2) [mutagenic meat]
  1551 | D:10     | Lost mutation: You are frail (-10% HP). [potion of cure mutation]
  1551 | D:10     | Lost mutation: You are agile. (Dex +2) [potion of cure mutation]
  1682 | D:10     | HP: 4/93 [something (6)]
  1919 | D:11     | Noticed a hill giant
  1932 | D:11     | Killed a hill giant
  1932 | D:11     | Reached skill level 12 in Axes
  2080 | D:11     | HP: 3/93 [shadow (9)]
  2082 | D:11     | Annihilated by a shadow

Vault maps used:
D:1:      evilmike_arrival_crescent, moated_statue, item_on_display_a
D:4:      grunt_temple_overflow_growth_and_decay, lemuel_crystal_altar,
          serial_shops, shop
D:5:      first_bread, kennysheep_crisscross, lemuel_blue_sif_altar
D:6:      lemuel_round_altar, grunt_temple_overflow_open, temple_green,
          uniq_menkaure, uniq_crazy_yiuf_cottage, uniq_sigmund
D:8:      erik_lair_dragon, the_bakery, kennysheep_nondescript
D:9:      kennysheep_mini, gammafunk_temple_overflow_forgotten, zin_treasury,
          orc_0_dummy, serial_undead, serial_undead_f, serial_undead_c,
          serial_undead_f, serial_undead_c
D:10:     serial_glass, glass_columns_a, glass_columns_a
D:11:     serial_shops, kennysheep_mini_moat
D:12:     serial_glass, glass_columns_c, glass_columns_b, feat_on_display

Action                   |  1- 3 |  4- 6 |  7- 9 || total
-------------------------+-------+-------+-------++-------
Melee: Hand axe          |    53 |    37 |   199 ||   289
       Battleaxe         |       |       |    21 ||    21
 Fire: Blowgun           |       |     4 |       ||     4
Invok: Berserk           |     1 |     3 |    12 ||    16
       Trog's Hand       |       |       |    12 ||    12
Evoke: Wand              |       |       |     4 ||     4
  Use: Scroll            |       |       |    12 ||    12
       Potion            |       |       |     3 ||     3
 Stab: Sleeping          |     1 |       |       ||     1
  Eat: Bread ration      |       |     1 |       ||     1
       Chunk             |       |       |    10 ||    10
       Beef jerky        |       |       |     1 ||     1
       Meat ration       |       |       |     2 ||     2
